 Dungeon Crawl Stone Soup version 0.23-a0-239-g84a5ed292d (webtiles) character file.

55 PikkenKukken the Skirmisher (level 3, 5/20 HPs)
             Began as a Vine Stalker Fighter on Sept 26, 2018.
             Quit the game on level 2 of the Dungeon.
             The game lasted 00:02:26 (1295 turns).

PikkenKukken the Skirmisher (Vine Stalker Fighter)  Turns: 1295, Time: 00:02:26

Health: 5/20       AC:  8    Str: 19    XL:     3   Next: 93%
Magic:  4/4        EV:  5    Int:  8    God:
Gold:   44         SH:  9    Dex: 13    Spells: 2/2 levels left

rFire    . . .     SeeInvis .   a - +0 flail
rCold    . . .     Gourm    .   c - +0 shield
rNeg     . . .     Faith    .   e - +0 chain mail
rPois    .         Spirit   +   (no helmet)
rElec    .         Reflect  .   (no cloak)
rCorr    .         Harm     .   (no gloves)
MR       .....                  (no boots)
Stlth    ..........             (no amulet)
HPRegen  0.06/turn              (no ring)
MPRegen  0.09/turn              (no ring)

@: no status effects
A: fangs 2, magic shield, antimagic bite, no potion heal 3, rot immunity
a: no special abilities


You were on level 2 of the Dungeon.
You were hungry.

You visited 1 branch of the dungeon, and saw 2 of its levels.

You collected 44 gold pieces.

Inventory:

Hand Weapons
 a - a +0 flail (weapon)
Armour
 b - a +0 scale mail
 c - a +0 shield (worn)
 e - a +0 chain mail (worn)
Scrolls
 g - a scroll of immolation {unknown}
 i - 4 scrolls of identify {unknown}
Potions
 d - a potion of might
Comestibles
 f - 4 rations


   Skills:
 + Level 3.1 Fighting
 * Level 2.5 Maces & Flails
 + Level 2.6 Armour
 + Level 0.9 Dodging
 + Level 2.9 Shields


You had 2 spell levels left.
You didn't know any spells.
Your spell library was empty.

Dungeon Overview and Level Annotations

Branches:
Dungeon (2/15)

Altars:


Innate Abilities, Weirdness & Mutations

You have extremely sharp teeth.
When hurt, damage is shared between your health and your magic reserves.
Your bite disrupts and absorbs the magic of your enemies.
Potions cannot restore your health.
You are immune to rotting.


Message History

The adder is heavily wounded.
You feel sick. The adder bites you but does no damage.
All of the chunks of flesh in your inventory have rotted away.
You miss the adder. You bite the adder. You drain its power.
The adder is almost dead.
The adder bites you.
You are more poisoned.
The adder poisons you! The adder bites you but does no damage.
Your shield and chain mail prevent you from hitting the adder.
You bite the adder. You drain its power.
The adder is almost dead.
You feel sick. You block the adder's attack. The adder barely misses you.
You sock the adder!
You kill the adder!
You feel sick.
You start resting.
You feel sick.
You are feeling hungry.
You start resting.
You feel sick. x8
You are no longer poisoned.
Are you sure you want to abandon this character and quit the game? (Confirm

# ##.###....
####...........
..........# #..
####...#### #..# ##..#
#..# #..######..#
#..........#####
##'#######.(.##.##
##...## #...@)..#
##.....## #...##.###.#
##.......## ##((()()..#
#.........####...#.##.#
'.........'.............
#.........####.....##.###
##.......## #.(#.## #
##.....## #.##.# ##...##
#.....


There were no monsters in sight!

Vanquished Creatures
  An adder (D:2)
  3 worms (D:2)
  A dart slug (D:2)
  A leopard gecko (D:1)
  3 giant cockroaches (D:1)
  2 hobgoblins (D:1)
  10 kobolds
  9 bats (D:1)
  A frilled lizard (D:1)
  A goblin (D:1)
  4 rats (D:1)
  A plant (D:1)
37 creatures vanquished.

Notes
Turn   | Place    | Note
-------+----------+-------------------------------------------
     0 | D:1      | PikkenKukken the Vine Stalker Fighter began the quest for
                  | the Orb.
     0 | D:1      | Reached XP level 1. HP: 11/11 MP: 2/2
   195 | D:1      | Reached XP level 2. HP: 16/16 MP: 3/3
   634 | D:1      | Reached XP level 3. HP: 19/19 MP: 4/4
   941 | D:2      | Reached skill level 3 in Fighting
  1295 | D:2      | Quit the game

Vault maps used:
D:1:      ncdulo_smallfort, serial_forest, infiniplex_forest_clump_curved,
          infiniplex_forest_end_1, infiniplex_forest_clump_diagonal,
          infiniplex_forest_end_3, infiniplex_forest_clump_diagonal
D:2:      minivault_19

Skill      XL: |  1  2  3 |
---------------+----------+-----
Maces & Flails | 2 |  2.5
Fighting       | 3 |  3.1
Armour         | |  2.6
Dodging        | |  0.9
Shields        | |  2.9

Action                   || total
-------------------------++-------
Melee: Flail             ||   145
       Bite              ||    43
  Use: Scroll            ||     2
  Eat: Chunk             ||     1
Armor: Scale mail        ||    28
       Chain mail        ||    35
Dodge: Dodged            ||    37
Block: Shield            ||    60

Table legend:
 A = Non-vault XP
 B = Vault XP
 C = Vault XP percentage of total XP
 D = Non-vault monster count
 E = Vault monster count
 F = Vault count percentage of total count
                 A         B        C        D         E       F
            +---------+---------+-------+---------+---------+-------
      Total |      79 |       0 |   0.0 |      36 |       0 |   0.0
            +---------+---------+-------+---------+---------+-------
        D:1 |      39 |       0 |   0.0 |      26 |       0 |   0.0
        D:2 |      40 |       0 |   0.0 |      10 |       0 |   0.0
            +---------+---------+-------+---------+---------+-------
